 Dungeon Crawl Stone Soup version 0.29.1-12-g30fa7ad0bf (webtiles) character file.

Game seed: 11389555970625737609

100 Descartes the Shield-Bearer (level 5, -2/42 HPs)
             Began as a Formicid Fighter on Dec 14, 2022.
             Was a Believer of Lugonu.
             Slain by Edmund
             ... wielding a +4 flail of protection
              (11 damage)
             ... on level 4 of the Dungeon.
             The game lasted 00:05:08 (2326 turns).

Descartes the Shield-Bearer (Formicid Fighter)      Turns: 2326, Time: 00:05:08

Health: -2/42      AC:  7    Str: 20    XL:     5   Next: 3%
Magic:  5/5        EV:  9    Int: 10    God:    Lugonu [**....]
Gold:   173        SH:  5    Dex: 13    Spells: 4/4 levels left

rFire   . . .      SeeInvis +   a - +0 war axe
rCold   . . .      Faith    .   c - +0 buckler
rNeg    . . .      Spirit   .   b - +0 scale mail
rPois   .          Reflect  .   (helmet unavailable)
rElec   .          Harm     .   (no cloak)
rCorr   .          Rampage  .   (no gloves)
Will    .....                   (no boots)
Stlth   ..........              (no amulet)
HPRegen 0.14/turn               (no ring)
MPRegen 0.09/turn               (no ring)

@: no status effects
A: permanent stasis, dig shafts and tunnels, antennae 3, four strong arms
a: Dig, Shaft Self, Renounce Religion, Depart the Abyss, Bend Space


You were on level 4 of the Dungeon.
You worshipped Lugonu.
Lugonu was pleased with you.
You visited 1 branch of the dungeon, and saw 4 of its levels.

You collected 173 gold pieces.

Inventory:

Hand Weapons
 a - a +0 war axe (weapon)
Missiles
 i - 2 poisoned darts
Armour
 b - a +0 scale mail (worn)
 c - a +0 buckler (worn)
Scrolls
 f - 5 scrolls of identify {unknown}
 h - a scroll of enchant armour {unknown}
 k - a scroll of brand weapon {unknown}
 l - 3 scrolls of teleportation {unknown}
 m - a scroll of fear {unknown}
 o - 2 scrolls of fog {unknown}
 p - a scroll of magic mapping {unknown}
 q - a scroll of vulnerability {unknown}
 r - a scroll of amnesia {unknown}
 s - a scroll of noise {unknown}
Potions
 d - a potion of might
 e - 3 potions of degeneration {unknown}
 g - 2 potions of attraction {unknown}
 j - 2 potions of curing {unknown}
 n - a potion of lignification {unknown}


   Skills:
 + Level 3.9 Fighting
 + Level 2.8 Axes
 + Level 3.8 Armour
 + Level 4.7 Shields
 + Level 2.0 Hexes


You had 4 spell levels left.
You didn't know any spells.
Your spell library contained the following spells:

 Spells                   Type           Power      Damage    Failure   Level
 Static Discharge         Conj/Air       0%         3-3/arc   89%         2
 Dazzling Flash           Conj/Hex       4%         N/A       95%         3
 Ozocubu's Armour         Ice            0%         N/A       98%         3
 Dispel Undead            Necr           0%         3d6       100%        4
 Sticky Flame             Conj/Fire      0%         2d3       100%        4
 Agony                    Necr           0%         N/A       100%        5
 Metabolic Englaciation   Hex/Ice        1%         N/A       100%        5
 Silence                  Hex/Air        1%         N/A       100%        5
 Simulacrum               Ice/Necr       0%         N/A       100%        6


Dungeon Overview and Level Annotations

Branches:
Dungeon (4/15)
 Temple: D:4-7

Altars:
Elyvilon
Yredelemnul
Lugonu

Annotations:
D:4 Edmund


Innate Abilities, Weirdness & Mutations

You cannot be hasted, slowed, berserked, paralysed or teleported.
You can dig through walls and to a lower floor.
You have a pair of large antennae on your head. (SInv)
Your four strong arms can wield two-handed weapons with a shield.


Message History

Edmund hits you with a +4 flail of protection!
You hit Edmund but do no damage.
Edmund is lightly wounded.
You hit the hobgoblin.
You kill the hobgoblin!
Lugonu accepts your kill.
Edmund hits you with a +4 flail of protection!
You are too injured to fight recklessly!
You are too injured to fight recklessly!
You are too injured to fight recklessly!
You are too injured to fight recklessly!
You are too injured to fight recklessly!
You are too injured to fight recklessly!
You are too injured to fight recklessly!
You are too injured to fight recklessly!
You are too injured to fight recklessly!
You are too injured to fight recklessly!
You are too injured to fight recklessly!
You are too injured to fight recklessly!
Unknown command.
You hit Edmund but do no damage.
Edmund is lightly wounded.
Edmund grinds his teeth, and then sighs.
You block Edmund's attack.
You closely miss Edmund.
Edmund is lightly wounded.
Edmund hits you with a +4 flail of protection.
You hit Edmund.
Edmund is lightly wounded.
Edmund closely misses you.
Edmund hits you with a +4 flail of protection.
* * * LOW HITPOINT WARNING * * *
You hit Edmund.
Edmund is moderately wounded.
Edmund hits you with a +4 flail of protection.
* * * LOW HITPOINT WARNING * * *
You hit Edmund.
Edmund is moderately wounded.
Edmund hits you with a +4 flail of protection!
You die...

#... #.####### ..## #..
#........ .... #..
#..$..... ...# #..
......... ...# #.#
#........ ...# #.####
#........ ...# #.#..#
#@†......
...####.#..#####@.......
................>.......
...####.#.######........
...# #.#.# #........
...# #.#.# .........
.#.# #.#.# ...######
.#.# #.#.# ...# .#.#
#.#.# ....# .#.# #.#.#
..#


You could see Edmund.

Vanquished Creatures
  Terence (D:3)
  An adder (D:3)
  3 worms
  2 dart slugs
  An orc (D:3)
  5 bats
  5 endoplasms
  2 giant cockroaches
  10 goblins
  4 hobgoblins
  2 quokkas
  9 frilled lizards
  7 kobolds
  5 rats
57 creatures vanquished.

Notes
Turn   | Place    | Note
-------+----------+-------------------------------------------
     0 | D:1      | Descartes the Formicid Fighter began the quest for the Orb.
     0 | D:1      | Reached XP level 1. HP: 18/18 MP: 1/1
    87 | D:1      | Reached XP level 2. HP: 24/24 MP: 2/2
   508 | D:1      | Reached skill level 1 in Hexes
   515 | D:1      | Reached XP level 3. HP: 26/29 MP: 3/3
   707 | D:2      | Found a faded altar of an unknown god.
   720 | D:2      | Prayed at the altar of an unknown god.
   720 | D:2      | Became a worshipper of Lugonu the Unformed
   720 | D:2      | Reached * piety under Lugonu
   720 | D:2      | Reached ** piety under Lugonu
  1167 | D:2      | Reached XP level 4. HP: 34/37 MP: 4/4
  1726 | D:3      | Noticed Terence
  1734 | D:3      | Killed Terence
  1987 | D:3      | Reached XP level 5. HP: 40/42 MP: 5/5
  2168 | D:3      | Found a basalt altar of Yredelemnul.
  2224 | D:3      | Found a white marble altar of Elyvilon.
  2316 | D:4      | Noticed Edmund
  2326 | D:4      | Slain by Edmund

Illustrated notes

Levels and vault maps discovered:
D:1:      dpeg_arrival_stone_temple_mockup, layout_rooms, reono_crystal_passage,
          minmay_misc_feat_four_crosses
D:2:      layout_basic, nicolae_ecumenical_pavilion
D:3:      layout_loops_ring, kennysheep_ying_yang, minmay_hedge_maze,
          uniq_terence
D:4:      layout_basic, gammafunk_temple_overflow_wave,
          nicolae_wu_jian_wuxing_cycle, nicolae_overflow_crystal_walls,
          uniq_edmund

Skill      XL: |  1  2  3  4 |
---------------+-------------+-----
Hexes          | 1 2 |  2.0
Fighting       | |  3.9
Axes           | |  2.8
Armour         | |  3.8
Shields        | |  4.7

Action                   |  1- 3 |  4- 6 || total
-------------------------+-------+-------++-------
Melee: War axe           |    85 |    69 ||   154
Armor: Scale mail        |    39 |    30 ||    69
Dodge: Dodged            |    31 |    24 ||    55
Block: Buckler           |    13 |    12 ||    25
